 Dungeon Crawl Stone Soup version 0.23.2-40-g277498a001 (webtiles) character file.

Game seed: 4974559746367637832

256 FishyPogo the Ducker (level 6, -1/49 HPs)
             Began as a Merfolk Monk on Aug 17, 2019.
             Splashed by a jelly's acid (7 damage)
             ... on level 3 of the Dungeon.
             The game lasted 00:11:18 (3423 turns).

FishyPogo the Ducker (Merfolk Monk)                 Turns: 3423, Time: 00:11:18

Health: -1/49      AC: -4    Str: 12    XL:     6   Next: 16%
Magic:  6/6        EV: 14    Int:  9    God:
Gold:   144        SH:  5    Dex: 18    Spells: 5/5 levels left

rFire    . . .     SeeInvis .   a - +1 spear
rCold    . . .     Gourm    .   g - +1 buckler
rNeg     . . .     Faith    .   l - +0 ring mail
rPois    .         Spirit   .   (no helmet)
rElec    .         Reflect  .   (no cloak)
rCorr    .         Harm     .   j - +1 pair of gloves
MR       .....                  (no boots)
Stlth    ++........             f - amulet of regeneration
HPRegen  0.56/turn              (no ring)
MPRegen  0.10/turn              (no ring)

@: corroded
A: change form in water, swift swim, stealthy swim
a: no special abilities


You were on level 3 of the Dungeon.
You were very hungry.

You visited 1 branch of the dungeon, and saw 4 of its levels.

You collected 144 gold pieces.

Inventory:

Hand Weapons
 a - a +1 spear (weapon)
 m - a cursed -3 dagger
Missiles
 d - 213 stones (quivered)
Armour
 g - a +1 buckler (worn)
 j - a +1 pair of gloves (worn)
 l - a +0 ring mail (worn)
Jewellery
 f - an amulet of regeneration (around neck)
 k - an uncursed amulet of the acrobat
Wands
 n - a wand of flame (10)
Scrolls
 e - a scroll of random uselessness {unknown}
 h - a scroll of amnesia
 i - 3 scrolls of identify
Potions
 b - a potion of flight {unknown}
 o - a potion of invisibility {unknown}
 q - 2 potions of might {unknown}
Comestibles
 c - 4 rations


   Skills:
 - Level 4.7 Fighting
 - Level 5.4 Polearms
 * Level 1.5 Armour
 - Level 6.0 Dodging
 - Level 2.1 Stealth
 * Level 1.4 Shields


You had 5 spell levels left.
You didn't know any spells.
Your spell library was empty.

Dungeon Overview and Level Annotations

Branches:
Dungeon (4/15)
 Temple: D:4-7

Altars:
Nemelex Xobeh
Qazlal
Ru

Annotations:
D:3 3 runed translucent doors, maxquad's ghost, amateur DrCj


Message History

The jelly is moderately wounded.
You block the jelly's attack.
You hit the jelly.
Your hands burn!
The jelly is heavily wounded.
The jelly hits you. The acid corrodes you!
You are splashed with acid!
You hit the jelly but do no damage. The acid corrodes you!
Your hands burn!
The jelly is heavily wounded.
The jelly misses you.
You hit the jelly but do no damage. The acid corrodes you!
Your hands burn!
The jelly is heavily wounded.
You are too injured to fight recklessly!
You are too injured to fight recklessly!
You hit the jelly but do no damage.
Your hands burn!
The jelly is heavily wounded.
The jelly hits you.
You are splashed with acid!
* * * LOW HITPOINT WARNING * * *
The jelly hits you.
* * * LOW HITPOINT WARNING * * *
You are splashed with acid!
You die...

#....##### #....# #.#####..
#>.......# ###### #############..
#J######.# #..............
#.######.## #.############.
..#.....(.# #..............
###.###.#[# ##############.
.##.###.#(## #########.
.##........# ##########......##.
.##......#)####.@....##.PPJ..P##.
.........#.(##...J...#.#÷.....##.
###......#..)).......#.#P...P.##.
#######.##..(........#.#.....J##.
........##..'......#'#)#.JPP.P##.
##########..##.....#.#.#÷.....##.
# #..###....#.#.#PP..P.##. ######
##.#########.##.÷..J=##.
.....######..###################.


You could see a jelly.

Vanquished Creatures
  An orc wizard (D:2)
  4 gnolls
  8 adders
  6 oozes
  2 worms
  4 dart slugs (D:1)
  A leopard gecko (D:1)
  4 orcs
  11 bats
  3 giant cockroaches
  5 goblins
  8 hobgoblins
  15 kobolds
  A quokka (D:3)
  2 ball pythons
  4 frilled lizards
  8 rats
87 creatures vanquished.

Vanquished Creatures (others)
  A fungus (D:3)
  4 toadstools (D:3)
5 creatures vanquished.

Grand Total: 92 creatures vanquished

Notes
Turn   | Place    | Note
-------+----------+-------------------------------------------
     0 | D:1      | FishyPogo the Merfolk Monk began the quest for the Orb.
     0 | D:1      | Reached XP level 1. HP: 18/18 MP: 1/1
   118 | D:1      | Reached XP level 2. HP: 21/24 MP: 2/2
   207 | D:1      | Reached XP level 3. HP: 22/30 MP: 3/3
   640 | D:1      | Reached skill level 5 in Dodging
   676 | D:2      | Reached skill level 5 in Polearms
   686 | D:2      | Reached XP level 4. HP: 26/37 MP: 4/4
  1398 | D:2      | Reached XP level 5. HP: 34/43 MP: 5/5
  1512 | D:2      | Reached skill level 1 in Armour
  1561 | D:2      | Found a sparkling altar of Nemelex Xobeh.
  1568 | D:2      | Found a sacrificial altar of Ru.
  1568 | D:2      | Found a stormy altar of Qazlal.
  2278 | D:3      | HP: 1/43 [acid (8)]
  2356 | D:4      | Reached skill level 1 in Shields
  2457 | D:3      | Reached XP level 6. HP: 36/49 MP: 6/6
  2824 | D:3      | Reached skill level 6 in Dodging
  2887 | D:3      | Found a runed translucent gate.
  2887 | D:3      | Found a runed translucent gate.
  3172 | D:3      | Noticed maxquad's ghost (amateur DrCj)
  3174 | D:3      | Found a runed translucent gate.
  3423 | D:3      | Splashed by a jelly's acid

Skill      XL: |  1  2  3  4  5  6 |
---------------+-------------------+-----
Fighting       | 4 |  4.7
Dodging        | 5 6 |  6.0
Polearms       | 5 |  5.4
Armour         | 1 |  1.5
Shields        | 1 |  1.4
Stealth        | |  2.1

Action                   |  1- 3 |  4- 6 || total
-------------------------+-------+-------++-------
Melee: Spear             |   118 |   215 ||   333
Throw: Stone             |       |     2 ||     2
  Use: Scroll            |     1 |     7 ||     8
       Potion            |       |     1 ||     1
 Stab: Sleeping          |     6 |     5 ||    11
  Eat: Chunk             |       |     7 ||     7
Armor: Robe              |     2 |       ||     2
       Leather armour    |    10 |     2 ||    12
       Ring mail         |       |    42 ||    42
Dodge: Dodged            |    46 |   105 ||   151
Block: Buckler           |       |    14 ||    14
